 Dungeon Crawl Stone Soup version 0.28.0-53-g5a82cb258f (webtiles) character file.

Game seed: 8796302076030990683

252 Zeld the Sneak (level 6, 35/35 HPs)
             Began as a Kobold Enchanter on June 14, 2022.
             Quit the game on level 3 of the Dungeon.
             The game lasted 00:03:36 (4933 turns).

Zeld the Sneak (Kobold Enchanter)                   Turns: 4933, Time: 00:03:37

Health: 35/35      AC:  2    Str:  5    XL:     6   Next: 36%
Magic:  10/10      EV: 16    Int: 17    God:
Gold:   76         SH:  0    Dex: 17    Spells: 2/10 levels left

rFire   . . .      SeeInvis .   a - +1 dagger
rCold   . . .      Faith    .   (no shield)
rNeg    . . .      Spirit   .   b - +0 robe
rPois   .          Reflect  .   (no helmet)
rElec   .          Harm     .   (no cloak)
rCorr   .          Rampage  .   (no gloves)
Will    .....                   (no boots)
Stlth   ++++......              (no amulet)
HPRegen 0.11/turn               (no ring)
MPRegen 0.12/turn               (no ring)

@: no status effects
A: small, no large weapons, nightstalker 3
a: no special abilities


You were on level 3 of the Dungeon.
You visited 1 branch of the dungeon, and saw 3 of its levels.

You collected 76 gold pieces.

Inventory:

Hand Weapons
 a - a +1 dagger (weapon)
Armour
 b - a +0 robe (worn)
Scrolls
 d - a scroll of immolation {unknown}
 g - 3 scrolls of identify {unknown}
 i - a scroll of torment {unknown}
 j - a scroll of vulnerability {unknown}
 k - a scroll of blinking {unknown}
Potions
 c - a potion of invisibility
 e - 3 potions of attraction {unknown}
 f - a potion of lignification {unknown}
 h - 3 potions of curing {unknown}


   Skills:
 + Level 1.7 Fighting
 * Level 3.8 Short Blades
 + Level 3.4 Dodging
 * Level 5.5 Stealth
 + Level 2.9 Spellcasting
 * Level 4.1 Hexes


You had 2 spell levels left.
You knew the following spells:

 Your Spells              Type           Power      Damage    Failure   Level
a - Ensorcelled Hibernat  Hex/Ice        18%        N/A       12%         2
b - Confusing Touch       Hex            16%        N/A       10%         3
c - Tukima's Dance        Hex            16%        N/A       10%         3

Your spell library contained the following spells:

 Spells                   Type           Power      Damage    Failure   Level
 Dazzling Flash           Conj/Hex       18%        N/A       22%         3
 Ignite Poison            Fire/Tmut/Pois 2%         N/A       47%         3
 Mephitic Cloud           Conj/Pois/Air  2%         N/A       47%         3
 Anguish                  Hex/Necr       4%         N/A       58%         4
 Freezing Cloud           Conj/Ice/Air   1%         6-21      99%         5
 Enfeeble                 Hex            8%         N/A       100%        7


Dungeon Overview and Level Annotations

Branches:
Dungeon (3/15)

Altars:

Shops:
D:3 [[*


Innate Abilities, Weirdness & Mutations

You are small and have problems with some larger weapons.
You are completely attuned to the shadows.


Message History

The helpless rat fails to defend itself.
You impale the rat!!
You kill the rat!
No target in view!
A quokka comes into view.
A quokka is nearby!
A quokka is nearby!
The helpless quokka fails to defend itself.
You perforate the quokka like a sieve!!!
You kill the quokka!
You see here a quokka corpse.
Found 23 sling bullets.
Found a stone staircase leading down.
You pick up a book of Maledictions and begin reading...
You add the spells Anguish and Enfeeble to your library.
A kobold comes into view. It is wielding a +0 dagger.
Casting: Ensorcelled Hibernation (safe; 12% risk of failure)
Confirm with . or Enter, or press ? or * to list all spells.
You can't see any susceptible monsters within range! (Use Z to cast anyway.) Unknown command.
The helpless kobold fails to defend itself.
You skewer the kobold like a kebab!!!
You kill the kobold!
No target in view!
Found a quarterstaff.
Found a stone staircase leading up.
Things that are here:
a +0 dagger; a kobold corpse
Found Weacamn's Armour Emporium.
Found a hand crossbow.
Found a stone staircase leading up.
There is an entrance to Weacamn's Armour Emporium here.
You can access your shopping list by pressing '$'.
There is a stone staircase leading up here.
You now have 76 gold pieces (gained 9).
Found Qanuexti's Armour Emporium.
k - a scroll labelled CECRIE ASUE
There is an entrance to Qanuexti's Armour Emporium here.
Found a stone staircase leading down.
Found Femiedd's General Store.
There is an entrance to Femiedd's General Store here.
You can access your shopping list by pressing '$'.
Are you sure you want to abandon this character and quit the game? (Confirm with "yes".)

##...#.#..##.#
###...#.#...#.# ).
.........>...# .#
##...#####.#####
.####...##........#
...###.....#......#
...###............#
##<#..............#
##.#.#..........@.#
...#.#....##......#
..#.......# ......#
..#.......# ..$....
..........#
########
###......##
#......# .......#


There were no monsters in sight!

Vanquished Creatures
  Sigmund (D:2)
  3 gnolls (D:2)
  An adder (D:2)
  A dart slug (D:2)
  3 endoplasms
  A giant cockroach (D:2)
  3 goblins
  3 hobgoblins
  4 jackals (D:1)
  4 quokkas
  3 ball pythons
  3 bats (D:2)
  4 frilled lizards
  6 kobolds
  6 rats
46 creatures vanquished.

Notes
Turn   | Place    | Note
-------+----------+-------------------------------------------
     0 | D:1      | Zeld the Kobold Enchanter began the quest for the Orb.
     0 | D:1      | Reached XP level 1. HP: 10/10 MP: 3/3
   430 | D:1      | Reached XP level 2. HP: 15/15 MP: 5/5
   498 | D:1      | Found a faded altar of an unknown god.
   933 | D:1      | Learned a level 2 spell: Ensorcelled Hibernation
  1125 | D:1      | Reached XP level 3. HP: 20/20 MP: 6/6
  1214 | D:1      | Learned a level 3 spell: Confusing Touch
  1259 | D:2      | Noticed Sigmund
  3622 | D:2      | Killed Sigmund
  3623 | D:2      | Reached skill level 1 in Fighting
  3623 | D:2      | Reached skill level 5 in Stealth
  3623 | D:2      | Reached XP level 4. HP: 25/25 MP: 4/8
  3623 | D:2      | Reached XP level 5. HP: 29/29 MP: 4/9
  3623 | D:2      | Reached XP level 6. HP: 34/34 MP: 4/10
  3775 | D:2      | Learned a level 3 spell: Tukima's Dance
  3934 | D:2      | Identified the +0 ring mail of the Dungeon {Str+5}
  4464 | D:2      | Identified the +6 rapier of Peril {drain, Fly Int+5}
  4882 | D:3      | Found Weacamn's Armour Emporium.
  4905 | D:3      | Found Qanuexti's Armour Emporium.
  4928 | D:3      | Found Femiedd's General Store.
  4933 | D:3      | Quit the game

Illustrated notes

Levels and vault maps discovered:
D:1:      sevenhm_arrival_forest_fort_large_4, layout_loops_cross,
          chequers_ecumenical_altar_simple, minmay_crystal_water
D:2:      layout_loops_ring, grunt_ministairs_7, uniq_sigmund
D:3:      layout_basic, serial_shops, shop, nicolae_square_shop,
          nicolae_shop_advertising_works [nicolae_subvault_shop_adworks], shop,
          hangedman_glass_teeth

Skill      XL: |  1  2  3  4  5  6 |
---------------+-------------------+-----
Short Blades   | 2 3 |  3.8
Fighting       | 1 |  1.7
Dodging        | 3 |  3.4
Stealth        | 5 |  5.5
Hexes          | 4 |  4.1
Spellcasting   | |  2.9

Action                   |  1- 3 |  4- 6 || total
-------------------------+-------+-------++-------
Melee: Dagger            |    62 |    62 ||   124
       Punch             |       |     1 ||     1
 Cast: Ensorcelled Hiber |    10 |     4 ||    14
 Stab: Sleeping          |    15 |    21 ||    36
Armor: Robe              |     5 |     5 ||    10
Dodge: Dodged            |    43 |    30 ||    73
